 Dungeon Crawl Stone Soup version 0.20-a0-420-g83c570d (webtiles) character file.

98 aspy the Ruffian (level 4, -4/36 HPs)
             Began as a Ghoul Gladiator on Dec 31, 2016.
             Slain by an ogre
             ... wielding a +0 giant club
              (18 damage)
             ... on level 4 of the Dungeon.
             The game lasted 00:14:37 (3099 turns).

aspy the Ruffian (Ghoul Gladiator)                  Turns: 3099, Time: 00:14:38

Health: -4/36      AC: 11    Str: 18    XL:     4   Next: 69%
Magic:  0/3        EV:  6    Int:  3    God:
Gold:   136        SH:  0    Dex: 10    Spells: 3/3 levels left

rFire  . . .     SeeInvis .       - Unarmed
rCold  + . .     Gourm    .     q - +0 plate armour
rNeg   + + +     Faith    .     (no shield)
rPois  ∞         Spirit   +     l - +0 helmet
rElec  .         Reflect  .     (no cloak)
rCorr  .         Harm     .     (no gloves)
MR     .....                    (no boots)
Stlth  ..........               k - amulet of guardian spirit
                                (no ring)
                                (no ring)

@: rotting
A: rotting body, claws 1, carnivore 3, cold resistance 1, negative energy
resistance 3, slow regeneration 1, torment resistance, unbreathing
a: no special abilities


You were on level 4 of the Dungeon.
You were not hungry.

You visited 1 branch of the dungeon, and saw 4 of its levels.

You collected 136 gold pieces.

Inventory:

Hand Weapons
 b - a +0 hunting sling
Missiles
 a - 81 stones
 c - 3 throwing nets
 e - 7 tomahawks (quivered)
 r - 33 poisoned needles
Armour
 l - a +0 helmet (worn)
 q - a +0 plate armour (worn)
Jewellery
 k - an amulet of guardian spirit (around neck)
 o - an uncursed ring of resist corrosion {unknown}
Scrolls
 f - 2 scrolls of teleportation {unknown}
 g - 2 scrolls of remove curse
 p - a scroll of fear {unknown}
Potions
 h - a potion of agility
 i - a potion of curing
 s - a potion of degeneration {unknown}
 t - a potion of brilliance {unknown}
 u - a potion of resistance {unknown}
Comestibles
 d - 5 meat rations
 j - 3 beef jerkies
 m - a royal jelly
 n - 3 chunks of flesh


   Skills:
 - Level 2.1 Fighting
 - Level 1.7 Throwing
 + Level 0.1 Armour
 - Level 3.5 Dodging
 * Level 5.0 Unarmed Combat


You had 3 spell levels left.
You didn't know any spells.

Dungeon Overview and Level Annotations

Branches:
Dungeon (4/15)
 Temple: D:4-7

Altars:


Innate Abilities, Weirdness & Mutations

Your body is rotting away.
You thrive on raw meat.
You are immune to poison.
You have sharp fingernails.
You are carnivorous and can eat meat at any time.
Your flesh is cold resistant. (rC+)
You are immune to negative energy. (rN+++)
You regenerate slowly when monsters are visible.
You are immune to unholy pain and torment.
You can survive without breathing.


Message History

The ogre is severely wounded.
Firing (i - inventory. (,) - cycle):
a - 82 stones (quivered)
Press: ? - help, Shift-Dir - straight line, f/p - ogre
Aim: an ogre, wielding a giant club (severely wounded)
You shoot a stone.
The stone hits the ogre but does no damage.
The ogre is severely wounded.
The ogre hits you with a giant club!!
Ouch! That really hurt!
* * * LOW HITPOINT WARNING * * *
You are now empty-clawed.
There is an open door here.
There is an open door here.
Press: ? - help, v - describe, . - travel
Here: an ogre, wielding a giant club (severely wounded)
The floor.
Unknown command.
The ogre hits you with a giant club!!
Ouch! That really hurt!
You die...

#......#.#######
#......#.......########
#......#######........#
#......##############.###.####
+......'......................
#......#......#######.###.###.
#...)..#......##......##..
#......+..............##.# .#
######+#...>...O@........# #.#
#...<.......######.###.# #.#
#...........# #.#.#<####.###
#...........# #.#.#.#......#
#...........# #.#'#.#..#.#.#
#...........# #........#.#.#
#...........# ##...##+#.....
#...........# #............
#...........# #............


You could see an ogre.

Vanquished Creatures
  An orc wizard (D:2)
  An adder (D:2)
  A worm (D:3)
  A dart slug (D:1)
  3 orcs (D:2)
  5 giant cockroaches
  4 goblins
  4 hobgoblins
  6 jackals (D:1)
  2 quokkas
  7 bats
  2 frilled lizards
  3 kobolds
  10 rats
50 creatures vanquished.

Notes
Turn   | Place    | Note
-------+----------+-------------------------------------------
     0 | D:1      | aspy the Ghoul Gladiator began the quest for the Orb.
     0 | D:1      | Reached XP level 1. HP: 17/17 MP: 0/0
   297 | D:1      | Reached XP level 2. HP: 24/24 MP: 1/1
   758 | D:1      | Reached skill level 4 in Unarmed Combat
   758 | D:1      | Reached XP level 3. HP: 28/29 MP: 2/2
  1872 | D:2      | Reached XP level 4. HP: 18/36 MP: 3/3
  2213 | D:3      | Reached skill level 5 in Unarmed Combat
  3055 | D:4      | Noticed an ogre
  3099 | D:4      | Slain by an ogre

Vault maps used:
D:1:      minmay_arrival_semitransparent
D:2:      kennysheep_generic_room_3
D:4:      lemuel_crystal_altar

Skill      XL: |  1  2  3  4 |
---------------+-------------+-----
Dodging        | 3 |  3.5
Unarmed Combat | 4 5 |  5.0
Fighting       | |  2.1
Throwing       | |  1.7
Armour         | |  0.1

Action                   |  1- 3 |  4- 6 || total
-------------------------+-------+-------++-------
Melee: Unarmed           |   127 |    36 ||   163
       Punch             |     1 |       ||     1
 Fire: Hunting sling     |     1 |     5 ||     6
Throw: Tomahawk          |       |     4 ||     4
  Use: Scroll            |     3 |       ||     3
       Potion            |     1 |       ||     1
  Eat: Chunk             |    10 |       ||    10
Armor: Leather armour    |    40 |       ||    40
       Plate armour      |       |     8 ||     8
Dodge: Dodged            |    79 |    19 ||    98
